 Dungeon Crawl Stone Soup version 0.31.0-11-ge490571c62 (webtiles) character file.

Game seed: 6066278276737913902

93 Arcadio the Trooper (level 4, -4/29 HPs)
             Began as a Gargoyle Gladiator on Jan 31, 2024.
             Killed by divine providence
             ... invoked by an orc priest
              (16 damage)
             ... on level 3 of the Dungeon.
             The game lasted 00:02:19 (1430 turns).

Arcadio the Trooper (Gargoyle Gladiator)            Turns: 1430, Time: 00:02:19

Health: -4/29      AC: 11    Str: 20    XL:     4   Next: 62%
Magic:  4/4        EV: 11    Int:  8    God:
Gold:   95         SH:  0    Dex: 11    Spells: 3/3 levels left

rFire   . . .        a - +0 flail
rCold   . . .        (no shield)
rNeg    + . .        n - +0 ring mail
rPois   ∞            c - +0 helmet
rElec   +            (no cloak)
rCorr   .            (no gloves)
SInv    .            j - +0 pair of boots
Will    .....        (no amulet)
Stlth   +            (no ring)
HPRegen 0.24/turn    (no ring)
MPRegen 0.09/turn

%: no passive effects
@: no status effects
A: sickness immunity, AC +3, negative energy resistance 1, electricity
resistance, torment resistance 1, petrification resistance
a: no special abilities


You were on level 3 of the Dungeon.
You visited 1 branch of the dungeon, and saw 3 of its levels.

You collected 95 gold pieces.

Inventory:

Hand Weapons
 a - a +0 flail (weapon)
Missiles
 d - 3 throwing nets (quivered)
 e - 3 javelins
Armour
 b - a +0 leather armour
 c - a +0 helmet (worn)
 j - a +0 pair of boots (worn)
 n - a +0 ring mail (worn)
Jewellery
 h - an amulet of guardian spirit
Scrolls
 g - 2 scrolls of identify {unknown}
 i - a scroll of fog {unknown}
 m - 2 scrolls of revelation {unknown}
 o - a scroll of teleportation {unknown}
 p - 3 scrolls of fear {unknown}
Potions
 f - 2 potions of heal wounds {unknown}
 k - a potion of berserk rage {unknown}
 l - 2 potions of mutation {unknown}
 q - a potion of lignification {unknown}


   Skills:
 + Level 3.9 Fighting
 - Level 3.0 Maces & Flails
 - Level 1.7 Throwing
 + Level 3.0 Armour
 - Level 2.4 Dodging


You had 3 spell levels left.
You didn't know any spells.
Your spell library contained the following spells:

 Spells                   Type           Power      Damage    Failure   Level
 Magic Dart               Conj           0%         1d3       58%         1
 Blink                    Tloc           0%         N/A       73%         2
 Call Imp                 Summ           0%         N/A       73%         2
 Searing Ray              Conj           0%         2d4       73%         2
 Inner Flame              Hex/Fire       0%         N/A       91%         3
 Flame Wave               Conj/Fire      0%         2d4       100%        4
 Fulminant Prism          Conj/Alch      0%         3d5       100%        4
 Sticky Flame             Fire/Alch      0%         2d4       100%        4


Dungeon Overview and Level Annotations

Branches:
Dungeon (3/15)

Altars:


Innate Abilities, Weirdness & Mutations

You are immune to sickness and miasma.
Your stone body is resilient. (AC +3)
You are immune to poison.
You resist negative energy. (rN+)
You are resistant to electric shocks. (rElec)
You are resistant to unholy torment.
You are immune to petrification.


Message History

You closely miss the orc.
The orc is heavily wounded.
The orc hits you with a +0 hand axe.
The orc priest mumbles some strange prayers to Beogh against you.
Beogh smites you!
You sock the orc!
You kill the orc!
You barely miss the orc priest. Your punch misses the orc priest.
The orc priest misses you.
You barely miss the orc priest.
The orc priest hits you but does no damage.
You barely miss the orc priest. The orc priest misses you.
You sock the orc priest!
The orc priest is heavily wounded.
The orc priest invokes the aid of Beogh against you.
Pain shoots through your body! The orc priest barely misses you.
You closely miss the orc priest.
The orc priest is heavily wounded.
The orc priest closely misses you.
You closely miss the orc priest.
The orc priest is heavily wounded.
The orc priest hits you with a +0 club.
You sock the orc priest!
The orc priest is almost dead.
The orc priest looks encouraged for a moment.
You barely miss the orc priest.
The orc priest is almost dead.
The orc priest hits you but does no damage. x2
You closely miss the orc priest.
The orc priest is almost dead.
The orc priest closely misses you.
You barely miss the orc priest.
The orc priest is almost dead.
The orc priest hits you but does no damage.
You closely miss the orc priest.
The orc priest is almost dead.
The orc priest calls down the wrath of Beogh upon you.
Beogh smites you!
Ouch! That really hurt!
You die...

#.. #. #..## #..
#.... #... #.o.#
#...## #...#####..
.....####
#####.o........ .
.....#
............... #.
#.#.## #.#########
#.###.<..
#...o@.†..#
#..#.#.##
#..######.#
#.#.##.# #..# #.#
#.#[##.# #..# #.#
#.#.##.## #..# #.#
#.#.<...# ##.#
#.####.####..# ..#
#.##.....##..# #.#
##........##<.#
#......#..#.†....#


You could see an orc priest.

Vanquished Creatures
  A bombardier beetle (D:3)
  2 adders (D:2)
  5 orcs
  4 bats
  An endoplasm (D:2)
  A giant cockroach (D:2)
  4 goblins
  8 hobgoblins
  2 quokkas
  3 ball pythons
  5 kobolds
  2 rats
38 creatures vanquished.

Notes
Turn   | Place    | Note
-------+----------+-------------------------------------------
     0 | D:1      | Arcadio the Gargoyle Gladiator began the quest for the Orb.
     0 | D:1      | Reached XP level 1. HP: 12/12 MP: 1/1
   229 | D:1      | Reached skill level 1 in Armour
   229 | D:1      | Reached XP level 2. HP: 18/18 MP: 2/2
   720 | D:2      | Reached XP level 3. HP: 19/23 MP: 3/3
  1134 | D:2      | Reached XP level 4. HP: 28/28 MP: 4/4
  1430 | D:3      | Killed from afar by an orc priest

Illustrated notes

Levels and vault maps discovered:
D:1:      nzn_arrival_depleted_hourglass, layout_rooms, serial_curves,
          eino_curves_02, eino_curves_04, eino_curves_04, eino_curves_02,
          minmay_quantized
D:2:      layout_loops_ring, chequers_serial_rivers_small_b,
          guppyfry_early_orc_mine
D:3:      layout_loops_ring, serial_shops, shop

Skill      XL: |  1  2  3  4 |
---------------+-------------+-----
Armour         | 1 2 3 |  3.0
Fighting       | 3 |  3.9
Maces & Flails | |  3.0
Throwing       | |  1.7
Dodging        | |  2.4

Action                     |  1- 3 |  4- 6 || total
---------------------------+-------+-------++-------
  Melee: Flail             |   159 |    29 ||   188
         Punch             |     1 |       ||     1
 Armour: Leather armour    |    38 |       ||    38
         Ring mail         |    57 |    15 ||    72
  Dodge: Dodged            |   121 |    12 ||   133
